Map: Para Site LE

Players

Odin

  • Race: Protoss Protoss
  • League: Gold
  • Spawn Location: 5:00

test - Winner!

  • Race: Terran Terran
  • League: Silver
  • Spawn Location: 11:00

VOD

Have the link to the VOD?

Description

Time

  • Played on: Dec. 16, 2018, 10:17 a.m.
  • Length: 20:01
Show
View Real Time Build Order
Export as new Build Order

Odin Protoss 

Build Orders: Carriers 

Get SALT Encoding   

  12  0:01  Probe  
  13  0:17  Pylon  
  13  0:20  Probe  
  14  0:35  Forge  
  14  0:40  Probe  
  15  0:56  Pylon  
  15  0:58  Pylon  
  14  1:14  Pylon  
  14  1:17  Probe  
  14  1:24  Gateway  
  14  1:51  Nexus, Probe  
  14  1:54  Assimilator  
  15  1:58  Assimilator  
  15  2:10  Probe  
  15  2:13  Pylon  
  16  2:18  Probe  
  17  2:29  Cybernetics Core  
  17  2:32  Probe  
  18  2:44  Probe  
  18  2:51  Pylon  
  19  2:56  Probe  
  20  3:05  Probe  
  20  3:06  Warp Gate  
  20  3:10  Photon Cannon  
  21  3:13  Probe  
  22  3:21  Probe  
  23  3:31  Probe, Assimilator  
  23  3:33  Probe  
  25  3:40  Photon Cannon  
  25  3:45  Probe  
  25  3:47  Adept  
  28  3:54  Probe  
  29  3:59  Shield Battery  
  29  4:00  Probe  
  30  4:18  Photon Cannon  
  30  4:22  Probe  
  30  4:24  Probe  
  30  4:25  Pylon  
  30  4:30  Probe  
  32  4:32  Probe  
  34  4:40  Probe x2, Twilight Council  
  36  4:48  Probe  
  36  4:52  Probe  
  38  4:57  Probe  
  38  5:04  Probe  
  39  5:15  Robotics Facility  
  39  5:16  Probe  
  39  5:20  Shield Battery  
  40  5:22  Shield Battery  
  40  5:23  Probe  
  41  5:28  Probe, Zealot  
  41  5:35  Probe  
  45  5:40  Probe  
  45  5:41  Robotics Facility  
  46  5:43  Assimilator  
  46  5:47  Probe  
  47  5:52  Probe  
  48  5:59  Probe  
  49  6:04  Probe  
  50  6:11  Probe  
  50  6:16  Robotics Bay  
  51  6:19  Pylon  
  51  6:23  Pylon x2  
  51  6:38  Nexus  
  51  6:53  Adept  
  53  7:04  Colossus  
  53  7:05  Colossus  
  65  7:10  Extended Thermal Lance  
  65  7:11  Gateway x2  
  65  7:15  Gateway  
  65  7:28  Pylon  
  65  7:32  Stalker  
  67  7:38  Charge  
  67  7:42  Gateway  
  67  7:46  Probe  
  68  7:56  Templar Archives  
  68  7:59  Probe  
  68  8:01  Zealot  
  71  8:07  Probe x2  
  71  8:11  Probe  
  74  8:19  Probe x2  
  74  8:23  Probe  
  74  8:25  Zealot x2  
  74  8:26  Zealot  
  79  8:31  Probe  
  79  8:32  Probe  
  81  8:35  Probe  
  81  8:36  Pylon  
  81  8:37  Colossus x2  
  81  8:39  Psionic Storm  
  94  8:43  Stalker x2  
  94  8:44  Probe x2  
  94  8:47  Probe  
  101  8:54  Protoss Ground Weapons Level 1  
  101  8:56  Probe x2  
  101  9:01  Probe  
  104  9:08  Probe x2  
  106  9:13  Probe, Gravitic Boosters  
  107  9:20  Zealot  
  107  9:21  Zealot x3  
  107  9:22  Nexus  
  109  9:29  Photon Cannon  
  109  9:30  Photon Cannon  
  109  9:32  Assimilator  
  109  9:44  Pylon  
  109  10:02  Colossus  
  109  10:05  Pylon  
  115  10:09  Stalker  
  113  10:15  Colossus  
  115  10:29  Nexus  
  115  10:30  Pylon  
  87  10:50  Zealot x5  
  87  10:53  Probe x3  
  100  10:59  Pylon  
  100  11:00  Shield Battery x2  
  100  11:03  Shield Battery  
  100  11:04  Photon Cannon x2  
  100  11:05  Probe x3  
  100  11:07  Photon Cannon x2  
  103  11:15  Observer  
  103  11:17  Warp Prism  
  106  11:21  Stargate, Pylon  
  106  11:22  Pylon  
  106  11:34  Assimilator  
  106  11:35  Stargate  
  106  11:36  Stargate  
  106  11:43  Gateway  
  104  11:53  Zealot x5  
  112  12:15  Zealot x5  
  114  12:27  Observer  
  108  12:39  Photon Cannon  
  108  12:41  Probe  
  108  12:42  Probe x2  
  105  13:21  Zealot x5  
  105  13:22  Zealot  
  89  13:41  Zealot x3  
  71  13:42  Zealot x2  
  71  13:44  Colossus x2  
  89  13:52  Probe  
  89  13:54  High Templar  
  90  14:00  Gateway  
  90  14:02  Gateway  
  90  14:04  Probe  
  90  14:06  Gateway  
  91  14:10  Fleet Beacon  
  91  14:16  Probe  
  92  14:17  Pylon  
  92  14:18  Pylon  
  92  14:27  Zealot x2  
  92  14:28  Zealot x4  
  104  14:37  Colossus  
  110  14:57  Zealot x4  
  110  14:58  Zealot x3  
  124  15:10  Photon Cannon  
  124  15:11  Carrier, Photon Cannon  
  130  15:14  Stargate  
  130  15:15  Photon Cannon  
  130  15:16  Stargate  
  130  15:23  Carrier  
  130  15:24  Stargate  
  136  15:42  Stalker x6  
  136  15:43  Stalker x3  
  142  16:08  Probe x2  
  142  16:09  Probe  
  145  16:11  Carrier x2  
  157  16:24  Assimilator  
  157  16:25  Probe x3, Assimilator  
  158  16:26  Probe  
  158  16:32  Assimilator  
  161  16:36  Assimilator  
  161  16:37  Probe  
  161  16:38  Probe x2, Pylon  
  164  16:42  Pylon x2  
  164  16:46  Carrier  
  151  17:04  Stalker x6  
  151  17:05  Stalker  
  151  17:07  Carrier  
  151  17:08  Carrier  
  145  17:31  High Templar x2  
  145  17:32  High Templar  
  145  17:36  Zealot x6  
  131  18:13  Zealot x3  
  131  18:14  Zealot x6  
Show
View Real Time Build Order
Export as new Build Order

test Terran - Winner!

Build Orders: Command Center First (CC) 

Get SALT Encoding   

  12  0:00  SCV  
  13  0:13  SCV  
  14  0:17  Supply Depot  
  14  0:25  SCV  
  15  0:39  SCV  
  16  0:51  SCV  
  17  1:24  Command Center  
  17  1:31  Barracks  
  17  1:33  SCV  
  18  1:45  SCV  
  19  1:57  SCV  
  19  2:00  Barracks  
  20  2:05  Barracks  
  20  2:10  SCV  
  21  2:26  Orbital Command  
  21  2:32  Marine  
  22  2:37  Orbital Command  
  22  2:50  Marine  
  23  2:52  Barracks  
  23  2:54  SCV  
  23  2:55  Marine  
  23  2:56  Marine  
  26  3:06  SCV  
  26  3:07  Marine  
  26  3:08  SCV  
  26  3:10  Barracks  
  29  3:13  Marine  
  29  3:18  SCV  
  31  3:20  SCV  
  32  3:30  Barracks, SCV  
  32  3:32  SCV  
  34  3:35  Barracks  
  34  3:37  Barracks  
  34  3:39  Marine  
  34  3:40  Marine x3  
  38  3:52  Supply Depot  
  38  3:56  Supply Depot  
  38  4:03  Supply Depot  
  38  4:09  Marine  
  38  4:12  Marine  
  38  4:14  Marine x3, SCV x2  
  42  4:20  Marine  
  42  4:26  SCV x2  
  42  4:27  Marine  
  42  4:28  Supply Depot  
  42  4:30  Marine  
  46  4:31  Marine x2  
  46  4:34  Marine x2  
  46  4:35  Marine  
  46  4:38  SCV x2  
  53  4:50  SCV x2  
  53  4:52  Command Center  
  55  5:00  Refinery  
  55  5:01  Supply Depot  
  55  5:03  Supply Depot  
  55  5:04  Marine x5  
  55  5:05  Marine x2  
  62  5:21  SCV x2  
  64  5:22  Marine x5  
  64  5:27  Supply Depot  
  69  5:30  Marine x3, Supply Depot  
  69  5:33  SCV x2  
  74  5:37  Barracks  
  74  5:39  Marine  
  74  5:40  Marine x4  
  79  5:45  SCV x2  
  81  5:52  Refinery, Supply Depot  
  70  6:11  Marine  
  70  6:12  Marine x3  
  70  6:13  Marine x2  
  70  6:14  SCV x2  
  78  6:22  Orbital Command  
  78  6:26  SCV x2  
  78  6:27  Command Center  
  80  6:38  SCV x2  
  82  6:47  Barracks  
  82  6:50  SCV x2  
  82  6:51  Barracks x2, Barracks Tech Lab  
  82  6:53  Barracks  
  84  6:57  Barracks Tech Lab  
  84  7:02  Marine x2, SCV, Engineering Bay  
  84  7:03  SCV x2  
  84  7:04  Marine x4, Engineering Bay  
  84  7:05  Marine  
  94  7:12  Barracks  
  94  7:15  SCV x3  
  93  7:27  SCV x3  
  96  7:35  Marine, Factory  
  96  7:36  Marine x7  
  104  7:39  Terran Infantry Armor Level 1, SCV x2, Terran Infantry Weapons Level 1  
  104  7:45  SCV  
  104  7:47  Refinery  
  104  7:49  Refinery  
  104  7:51  SCV  
  106  7:52  Orbital Command  
  106  7:54  SCV  
  106  7:57  SCV  
  108  8:02  Supply Depot  
  108  8:03  SCV, Supply Depot  
  109  8:06  SCV, Supply Depot  
  109  8:10  SCV  
  111  8:15  SCV  
  111  8:18  SCV  
  112  8:22  SCV  
  112  8:23  Marine x7, Combat Shield  
  112  8:24  Stimpack  
  117  8:27  SCV x2  
  117  8:30  SCV  
  117  8:32  Barracks  
  117  8:34  SCV  
  121  8:35  Barracks  
  121  8:39  SCV x2  
  121  8:40  Barracks x2  
  123  8:42  SCV  
  123  8:44  Marine x4  
  123  8:45  Marine x10  
  123  8:46  SCV  
  139  8:49  Supply Depot  
  139  8:51  SCV  
  139  8:52  SCV  
  139  8:54  SCV  
  142  8:58  SCV  
  142  9:02  Marine x5  
  144  9:03  SCV  
  149  9:10  Command Center  
  149  9:20  Command Center  
  149  9:27  Marine  
  149  9:28  Marine x17, Command Center  
  167  9:35  Starport  
  167  9:38  Starport  
  167  9:40  Starport  
  167  9:43  Starport  
  167  9:45  Marine x2  
  167  9:46  Marine x3  
  172  10:12  Marine x3  
  172  10:13  Marine x3  
  172  10:14  Marine x3  
  172  10:15  Marine  
  172  10:17  Marine  
  172  10:22  Marine x7  
  179  10:29  Marine x2  
  179  10:30  Marine x2  
  179  10:31  Marine x3  
  179  10:32  Marine x2  
  179  10:33  Marine  
  179  10:35  Marine  
  175  10:40  Marine x7  
  167  10:46  Starport Reactor  
  167  10:47  Marine x2, Starport Reactor  
  167  10:48  Marine x3, Starport Reactor  
  167  10:49  Starport Reactor  
  163  10:54  Orbital Command  
  163  10:55  Orbital Command  
  163  10:57  Orbital Command  
  163  11:04  SCV x4  
  167  11:16  SCV x4  
  171  11:24  Armory  
  171  11:28  SCV x7  
  178  11:40  SCV x5  
  178  11:41  SCV x2  
  182  11:52  SCV x4  
  182  11:53  SCV x3  
  178  12:02  Marine x18  
  178  12:04  SCV  
  184  12:19  Marine  
  184  12:20  Marine x17  
  181  12:37  Marine  
  181  12:38  Marine x8  
  199  12:55  Marine  
  199  12:56  Barracks Reactor  
  199  12:57  Barracks Reactor x11  
  187  13:00  Marine x5  
  187  13:03  Viking x8  
  197  13:12  Terran Infantry Weapons Level 2, Terran Infantry Armor Level 2  
  197  13:13  Marine  
  197  13:18  Marine x3  
  200  13:31  Marine  
  191  13:36  Marine x3  
  182  13:49  Marine  
  182  13:54  Marine x3  
  169  14:06  Marine  
  170  14:10  Marine x4  
  170  14:11  Marine x23  
  170  14:12  Marine x2  
  199  14:19  Command Center, Terran Vehicle And Ship Armor Level 1  
  199  14:24  Marine  
  199  14:29  Marine  
  198  14:42  Marine  
  198  14:47  Marine  
  198  14:52  Marine x5  
  183  14:53  Marine x14  
  199  15:28  Orbital Command  
  193  15:40  Command Center  
  191  15:49  Command Center  
  191  16:13  Terran Ship Weapons Level 1  
  191  16:28  Marine  
  191  16:29  Marine x8  
  200  16:47  Terran Infantry Weapons Level 3  
  174  17:39  Marine x15  
  174  17:40  Marine x13  
  172  18:11  Orbital Command x2  
  153  18:27  Marine x8  
  153  18:28  Marine x22  
  153  18:30  Viking x8  
  178  18:45  Marine x5  
  159  19:00  Viking x8  
  159  19:01  Marine x19  
  159  19:02  Marine x5  
  157  19:03  Marine x5  
  137  19:18  Marine  
  137  19:19  Marine x20  
  137  19:21  Marine  
  158  19:29  Viking  
  153  19:33  Marine x7  
  153  19:36  Marine  
  153  19:37  Marine x2  
Tags
 
Add a new tag
Caveats
  • Supply blocks, unpowered buildings, or Contaminate may cause inaccurate times.
  • Supply counts are checked every 10 seconds.